 Dungeon Crawl Stone Soup version 0.30-a0-920-g7493c07aab (webtiles) character file.

Game seed: 17498085992393981416

14 Hubris850 the Magician (level 2, -4/21 HPs)
             Began as a Djinni Fire Elementalist on Mar 21, 2023.
             Slain by a gnoll
             ... wielding a +0 flail
              (11 damage)
             ... on level 1 of the Dungeon.
             The game lasted 00:01:48 (425 turns).

Hubris850 the Magician (Djinni Fire Elementalist)    Turns: 425, Time: 00:01:49

Health: -4/21      AC:  2    Str:  7    XL:     2   Next: 55%
Gold:   32         EV: 12    Int: 16    God:
                   SH:  0    Dex: 13

rFire   + + .      SeeInvis .    h - +0 dagger
rCold   x . .      Faith    .    (no shield)
rNeg    . . .      Spirit   .    a - +0 robe
rPois   ∞          Reflect  .    (no helmet)
rElec   .          Rampage  .    (no cloak)
rCorr   .                        (no gloves)
Will    .....                    (boots unavailable)
Stlth   ++                       (no amulet)
HPRegen 0.23/turn                (no ring)
MPRegen 0.00/turn                (no ring)

@: flying
A: sickness immunity, fire resistance 2, cold vulnerability 1, float, innate
caster, HP casting, extra vitality 1
a: no special abilities


You were on level 1 of the Dungeon.
You visited 1 branch of the dungeon, and saw 1 of its levels.

You collected 32 gold pieces.

Inventory:

Hand Weapons
 h - a +0 dagger (weapon)
Armour
 a - a +0 robe (worn)
Scrolls
 b - a scroll of vulnerability {unknown}
 f - a scroll of fear {unknown}
 g - a scroll of teleportation {unknown}
Potions
 c - a potion of curing {unknown}
 d - a potion of flight {unknown}
 e - a potion of invisibility {unknown}
 i - a potion of might {unknown}


   Skills:
 + Level 2.6 Dodging
 + Level 1.9 Stealth
 + Level 2.6 Spellcasting


You knew the following spells:

 Your Spells              Type           Power      Damage    Failure   Level
a - Foxfire               Conj/Fire      40%        2x1d6     7%          1
b - Scorch                Fire           20%        2d6       10%         2
c - Kindle Blastsparks    Fire/Tloc/Air  20%        2d11      21%         3
d - Inner Flame           Hex/Fire       10%        N/A       21%         3
e - Flame Wave            Conj/Fire      10%        2d6       54%         4
Your spell library was empty.

Dungeon Overview and Level Annotations

Branches:
Dungeon (1/15)

Altars:


Innate Abilities, Weirdness & Mutations

You are immune to sickness and miasma.
You are immune to poison.
Your flesh is very heat resistant. (rF++)
You are vulnerable to cold. (rC-)
You float through the air rather than walking.
You learn spells naturally, not from books.
Your magical power is your life essence.
You have superior vitality. (+4 MHP)


Message History

The ball python hisses angrily.
The foxfire hits the ball python.
You kill the ball python!
Your foxfire dissipates!
Your magical contamination has completely faded away.
You see here a ball python corpse.
An endoplasm comes into view.
A gnoll comes into view. It is wielding a +0 flail.
The gnoll shouts!
The endoplasm quivers.
The endoplasm barely misses you.
You hit the endoplasm.
The endoplasm is severely wounded.
You hit the endoplasm but do no damage.
The endoplasm is severely wounded.
The endoplasm completely misses you.
You hit the endoplasm.
You kill the endoplasm!
You hit the gnoll but do no damage. The gnoll hits you with a +0 flail!
The gnoll attacks as you move away! The gnoll misses you.
You conjure some foxfire!
The gnoll closely misses you.
You conjure some foxfire!
The foxfire hits the gnoll.
The gnoll is lightly wounded.
The foxfire hits the gnoll but does no damage.
The gnoll is lightly wounded.
The gnoll hits you with a +0 flail.
You are too injured to fight recklessly!
Casting: Foxfire (safe; 7% risk of failure)
Confirm with . or Enter, or press ? or * to list all spells.
You conjure some foxfire!
* * * LOW HITPOINT WARNING * * *
The foxfire hits the gnoll.
The gnoll is moderately wounded.
The gnoll barely misses you.
Your foxfire dissipates!
The foxfire hits the gnoll but does no damage.
The gnoll is moderately wounded.
The gnoll attacks as you move away! The gnoll hits you with a +0 flail!
Ouch! That really hurt!
You die...

#......># ... ####.######
..# #.. ~~~♣~♣~~~~# ..#
#.# ~.P[..♣..~# #.# #.#
~PPP.♣♣♣.~# #.# #.#
~.P...♣..~# #.# #.#
♣.......♣♣###.# #.#
~...<.......#.###.######.#
♣.......♣♣#.†...@g........
~.....P..~###.#.#.#####..#
~....PPP.~# #.#.#.#
~.....P..~# #.#.#.#
~~~♣~♣~~~~# #.#.#.#
####.###### ..#.#.. #....#
###.### #...## #.# #...#
#.#


You could see a gnoll.

Vanquished Creatures
  2 bats (D:1)
  3 endoplasms (D:1)
  A goblin (D:1)
  A hobgoblin (D:1)
  2 ball pythons (D:1)
  A frilled lizard (D:1)
  A kobold (D:1)
  A rat (D:1)
12 creatures vanquished.

Vanquished Creatures (others)
  22 foxfires (D:1)
  5 toadstools (D:1)
27 creatures vanquished.

Grand Total: 39 creatures vanquished

Notes
Turn   | Place    | Note
-------+----------+-------------------------------------------
     0 | D:1      | Hubris850 the Djinni Fire Elementalist began the quest for
                  | the Orb.
     0 | D:1      | Hubris850 set off with the following spells memorised:
                  | Foxfire, Scorch, Kindle Blastsparks, Inner Flame, Flame
                  | Wave.
     0 | D:1      | Reached XP level 1. HP: 15/15 MP: 0/0
   188 | D:1      | Reached XP level 2. HP: 8/21 MP: 0/0
   425 | D:1      | Slain by a gnoll

Illustrated notes

Levels and vault maps discovered:
D:1:      ldierk_walled_garden, layout_loops_ring

Action                     || total
---------------------------++-------
  Melee: Unarmed           ||    12
         Dagger            ||    11
   Cast: Foxfire           ||    13
   Stab: Sleeping          ||     1
 Armour: Robe              ||    10
  Dodge: Dodged            ||    28

Table legend: (Time is in decaauts)
 A = Elapsed time spent in this place.
 B = Non-inter-level travel time spent in this place.
 C = Inter-level travel time spent in this place.
 D = Time resting spent in this place.
 E = Time spent auto-exploring this place.
 F = Levels seen in this place.
 G = Mean time per level.
                   A        B        C        D        E       F      G
               +--------+--------+--------+--------+--------+-----+--------+
         Total |    424 |    403 |     21 |      0 |    313 |   1 |  424.0 |
       Dungeon |    424 |    403 |     21 |      0 |    313 |   1 |  424.0 |
               +--------+--------+--------+--------+--------+-----+--------+

Top non-repeatable levels by time:
     D:1: 424 daAuts
